 Dungeon Crawl Stone Soup version 0.21-a0-221-gfe971b9 (webtiles) character file.

81 Nvm9 the Skirmisher (level 4, 0/36 HPs)
             Began as a Demonspawn Fighter on Aug 27, 2017.
             Slain by a kobold
             ... wielding a +0 whip
              (2 damage)
             ... on level 3 of the Dungeon.
             The game lasted 00:03:25 (2042 turns).

Nvm9 the Skirmisher (Demonspawn Fighter)            Turns: 2042, Time: 00:03:26

Health: 0/36       AC:  6    Str: 18    XL:     4   Next: 20%
Magic:  4/4        EV:  7    Int:  9    God:
Gold:   112        SH:  9    Dex: 12    Spells: 3/3 levels left

rFire    . . .     SeeInvis .   a - +0 long sword
rCold    . . .     Gourm    .   c - +0 shield
rNeg     . . .     Faith    .   b - +0 scale mail
rPois    .         Spirit   .   (helmet restricted)
rElec    .         Reflect  .   (no cloak)
rCorr    .         Harm     .   (no gloves)
MR       .....                  (no boots)
Stlth    ..........             (no amulet)
HPRegen  0.12/turn              (no ring)
MPRegen  0.09/turn              (no ring)

@: flying
A: antennae 1
a: no special abilities


You were on level 3 of the Dungeon.
You were not hungry.

You visited 1 branch of the dungeon, and saw 3 of its levels.

You collected 112 gold pieces.

Inventory:

Hand Weapons
 a - a +0 long sword (weapon)
Armour
 b - a +0 scale mail (worn)
 c - a +0 shield (worn)
 h - a +0 large shield
Jewellery
 e - a +2 ring of protection {unknown}
Scrolls
 g - 2 scrolls of teleportation {unknown}
 i - 2 scrolls of recharging {unknown}
Potions
 d - a potion of might
Comestibles
 f - a bread ration
 j - 3 meat rations
 l - 2 royal jellies
 m - 3 fruits


   Skills:
 + Level 3.6 Fighting
 + Level 2.3 Long Blades
 * Level 3.4 Armour
 + Level 3.1 Shields


You had 3 spell levels left.
You didn't know any spells.

Dungeon Overview and Level Annotations

Branches:
Dungeon (3/15)

Altars:
Beogh


Innate Abilities, Weirdness & Mutations

You have a pair of small antennae on your head.


Message History

It was a potion of curing.
You feel better. The rat barely misses you.
You block the giant cockroach's attack. The orc barely misses you.
The hobgoblin hits you but does no damage.
The kobold throws a stone.
The stone hits you but does no damage. The rat closely misses you.
The orc priest calls upon Beogh to heal the orc.
The orc is healed somewhat.
You block the hobgoblin's attack.
You see here a stone.
The rat bites you but does no damage.
Found a robe.
You block the kobold's attack.
The orc priest calls down the wrath of Beogh upon you.
Beogh smites you!
* * * LOW HITPOINT WARNING * * *
The giant cockroach waves its antennae.
The giant cockroach bites you.
* * * LOW HITPOINT WARNING * * *
You feel more buoyant. The rat bites you but does no damage.
The kobold hits you with a whip.
You die...

###...#####....###
#...........##
#...# #....#
#...........##
#...#####....#
#...)†......##
+...+........+
+.............
#...####..o.(#
#...........##
#...####...(g###
####........##
#...#........g.#
###+###..#.##
+.......osr#
#......#.#.##
#........K@#
#......#...##
+..........#
#............
#..........#
#............
#....%.....#
#............
#..........#
#............
.......[..#
#............
#####.####
#......##.... #.
#......##....
#......##....


You could see an orc priest, an orc, a giant cockroach, 2 hobgoblins, a kobold
and a rat.

Vanquished Creatures
  An adder (D:2)
  2 worms (D:2)
  3 dart slugs
  An orc (D:3)
  4 giant cockroaches
  4 goblins
  7 hobgoblins
  4 jackals (D:1)
  10 kobolds
  A quokka (D:2)
  7 bats
  5 frilled lizards
  9 rats
58 creatures vanquished.

Notes
Turn   | Place    | Note
-------+----------+-------------------------------------------
     0 | D:1      | Nvm9 the Demonspawn Fighter began the quest for the Orb.
     0 | D:1      | Reached XP level 1. HP: 18/18 MP: 1/1
    80 | D:1      | Gained mutation: You have a pair of small antennae on your head. [demonic ancestry]
    80 | D:1      | Reached XP level 2. HP: 8/24 MP: 2/2
   667 | D:1      | Reached XP level 3. HP: 29/29 MP: 3/3
   912 | D:2      | Found a faded altar of an unknown god.
  1520 | D:2      | Reached XP level 4. HP: 32/35 MP: 4/4
  1996 | D:3      | Found a roughly hewn altar of Beogh.
  2042 | D:3      | Slain by a kobold

Vault maps used:
D:1:      lightli_molten_gateway
D:2:      chequers_ecumenical_altar_simple
D:3:      kennysheep_orc_chapel

Skill      XL: |  1  2 |
---------------+-------+-----
Long Blades    | 2 |  2.3
Armour         | 3 |  3.4
Shields        | 3 |  3.1
Fighting       | |  3.6

Action                   |  1- 3 |  4- 6 || total
-------------------------+-------+-------++-------
Melee: Long sword        |   139 |    32 ||   171
  Use: Potion            |     1 |     3 ||     4
  Eat: Chunk             |     2 |     1 ||     3
       Bread ration      |       |     1 ||     1
Armor: Scale mail        |    82 |    19 ||   101
Dodge: Dodged            |    52 |    18 ||    70
Block: Shield            |    85 |    17 ||   102
       Rpst.: Long sword |    16 |     5 ||    21

Table legend:
 A = Spawn XP
 B = Non-spawn XP
 C = Spawn XP percentage of total XP
 D = Spawn monster count
 E = Non-spawn monster count
 F = Spawn count percentage of total count
 G = Total turns spent on level
                    A         B        C        D         E        F      G
               +---------+---------+-------+---------+---------+-------+---------
         Total |      28 |      89 |  23.9 |       9 |      49 |  15.5 |  2042
               +---------+---------+-------+---------+---------+-------+---------
           D:1 |      11 |      46 |  19.3 |       5 |      27 |  15.6 |   880
           D:2 |      17 |      37 |  31.5 |       4 |      18 |  18.2 |  1029
           D:3 |       0 |       6 |   0.0 |       0 |       4 |   0.0 |   133
               +---------+---------+-------+---------+---------+-------+---------
